 Dungeon Crawl Stone Soup version 0.22.1-1-ga44c0e5 (webtiles) character file.

10170 Lauz the Cleaver (level 11, -4/95 HPs)
             Began as a Minotaur Fighter on Nov 4, 2018.
             Was a High Priest of Okawaru.
             Slain by a troll (10 damage)
             ... led by an orc knight
             ... on level 10 of the Dungeon.
             The game lasted 00:18:21 (9638 turns).

Lauz the Cleaver (Minotaur Fighter)                 Turns: 9638, Time: 00:18:22

Health: -4/95      AC: 18    Str: 28    XL:     11   Next: 32%
Magic:  9/10       EV: 14    Int:  5    God:    Okawaru [*****.]
Gold:   796        SH: 14    Dex: 10    Spells: 10/10 levels left

rFire    + . .     SeeInvis .   a - +0 war axe
rCold    + . .     Gourm    .   c - +0 shield
rNeg     . . .     Faith    .   b - +0 scale mail
rPois    .         Spirit   .   H - +2 hat
rElec    .         Reflect  .   v - +0 cloak {MR+}
rCorr    .         Harm     .   s - +1 pair of gloves
MR       +....                  N - +0 pair of boots of a bailey {rC+}
Stlth    +.........             (no amulet)
HPRegen  0.25/turn              q - ring of protection from fire
MPRegen  0.12/turn              A - +4 ring of strength

@: heroism
A: retaliatory headbutt, horns 2
a: Heroism, Finesse, Renounce Religion


You were on level 10 of the Dungeon.
You worshipped Okawaru.
Okawaru was extremely pleased with you.
You were not hungry.

You visited 2 branches of the dungeon, and saw 11 of its levels.

You collected 796 gold pieces.

Inventory:

Hand Weapons
 a - a +0 war axe (weapon)
Armour
 b - a +0 scale mail (worn)
 c - a +0 shield (worn)
 s - a +1 pair of gloves (worn)
 v - a +0 cloak of magic resistance (worn)
 H - a +2 hat (worn)
 N - the +0 pair of boots of a bailey (worn) {rC+}
   (Okawaru gifted it to you on level 9 of the Dungeon)

   It protects you from cold.
 P - a +0 plate armour
Jewellery
 q - a ring of protection from fire (left hand)
 A - a +4 ring of strength (right hand)
 E - an uncursed ring of flight
Wands
 F - a wand of iceblast (13)
 G - a wand of acid (8)
 J - a wand of clouds (2)
 M - a wand of scattershot (6)
Scrolls
 e - 10 scrolls of identify {unknown}
 h - 9 scrolls of remove curse {unknown}
 j - 6 scrolls of enchant armour {unknown}
 k - 4 scrolls of enchant weapon {unknown}
 m - 2 scrolls of fog {unknown}
 n - 7 scrolls of teleportation {unknown}
 o - 5 scrolls of magic mapping {unknown}
 r - a scroll of fear {unknown}
 t - 2 scrolls of blinking {unknown}
 y - a scroll of noise {unknown}
 C - 2 scrolls of random uselessness {unknown}
 K - a scroll of holy word {unknown}
 L - a scroll of amnesia {unknown}
Potions
 d - 2 potions of might
 g - 7 potions of curing
 i - 3 potions of flight {unknown}
 l - a potion of brilliance {unknown}
 p - a potion of berserk rage {unknown}
 u - 3 potions of mutation {unknown}
 w - 2 potions of degeneration {unknown}
 x - 3 potions of haste {unknown}
 z - 4 potions of heal wounds {unknown}
 B - a potion of lignification {unknown}
 D - a potion of cancellation {unknown}
 I - a potion of ambrosia {unknown}
Comestibles
 f - 23 rations


   Skills:
 + Level 8.6(13.6) Fighting
 + Level 13.9(18.9) Axes
 * Level 10.4(15.4) Armour
 - Level 3.0(8.0) Dodging
 - Level 0.5(5.5) Stealth
 + Level 9.7(14.7) Shields
 + Level 0.4 Invocations


You had 10 spell levels left.
You didn't know any spells.
Your spell library contained the following spells:

 Spells                   Type           Power        Failure   Level  Hunger
 Flame Tongue             Conj/Fire      #....        67%         1    ##.....
 Shock                    Conj/Air       #...         67%         1    ##.....
 Swiftness                Chrm/Air       #.......     80%         2    ###....
 Throw Flame              Conj/Fire      #.....       80%         2    ###....
 Conjure Flame            Conj/Fire      #.......     95%         3    ####...
 Inner Flame              Hex/Fire       #.......     95%         3    ####...
 Static Discharge         Conj/Air       #.......     95%         3    ####...
 Airstrike                Air            #.........   100%        4    #####..
 Sticky Flame             Conj/Fire      #.......     100%        4    #####..
 Fireball                 Conj/Fire      #.........   100%        5    ######.
 Lightning Bolt           Conj/Air       #.........   100%        5    ######.


Dungeon Overview and Level Annotations

Branches:
Dungeon (10/15)            Temple (1/1) D:4            Lair (0/6) D:8
    Orc: D:9-12

Altars:
Ashenzari
Cheibriados
Dithmenos
Elyvilon
Fedhas
Gozag
Hepliaklqana
Kikubaaqudgha
Makhleb
Okawaru
Qazlal
Ru
Sif Muna
Uskayaw
Vehumet
Wu Jian
Yredelemnul


Innate Abilities, Weirdness & Mutations

You reflexively headbutt those who attack you in melee.
You have a pair of horns on your head.


Message History

Things that are here:
a giant club x2
You slash the troll! You headbutt the troll.
The troll is heavily wounded.
The troll bites you!
* * * LOW HITPOINT WARNING * * *
The troll claws you!
* * * LOW HITPOINT WARNING * * *
The troll claws you but does no damage.
There is a stone staircase leading up, spattered with blood here.
You closely miss the troll.
The troll is moderately wounded.
The troll bites you.
* * * LOW HITPOINT WARNING * * *
The troll claws you but does no damage. You block the troll's attack.
You feel better. The troll bites you!
* * * LOW HITPOINT WARNING * * *
The troll claws you but does no damage. You block the troll's attack.
You feel better. The troll bites you!
You die...

############
###<.........########
###
#........)...........
..# #.#.#########.######
#.# #.#.#
#.#########.####### #
... #.##......)).......
.###
######.##T######)#######
#. #....).)@.# #.#######
# #.####.#### #.....?..
#.# #..###### #รท#
#.......... #[#
#..T....... #...#
.....>#####. .......
....$..#
o.##...##.###..... ...
...### # #...#.


You could see a troll.

Vanquished Creatures
  2 two-headed ogres (D:10)
  Erica (D:9)
  An unseen horror (D:10)
  Pikel (D:3)
  An orc knight (D:9)
  Prince Ribbit (D:9)
  4 hornets (D:9)
  2 hippogriffs (D:9)
  A wraith (D:10)
  A wyvern (D:10)
  A steam dragon (D:9)
  6 yaks (D:9)
  Grum (D:9)
  A warg (D:10)
  Duvessa (D:5)
  2 sky beasts
  A slave (D:3)
  An eye of draining (D:9)
  2 ice beasts
  An orc warrior (D:10)
  8 ogres
  3 phantoms
  3 wolves (D:9)
  6 centaurs
  4 bullfrogs
  Dowan (D:5)
  2 scorpions
  4 killer bees
  4 wights (D:10)
  A jelly (D:9)
  2 crimson imps
  4 hounds
  A bullfrog skeleton (D:8)
  A quasit (D:9)
  Crazy Yiuf (D:4)
  5 orc priests
  7 orc wizards
  An iguana (D:9)
  2 worker ants
  2 hound skeletons (D:7)
  11 adders
  4 gnolls (D:7)
  2 shadow imps
  An ooze (D:4)
  2 adder skeletons
  4 worms
  4 leopard geckos
  10 orcs
  7 bats
  2 giant cockroaches
  15 goblins
  6 hobgoblins
  14 jackals
  6 kobolds
  2 quokkas
  2 ball pythons
  4 frilled lizards
  4 rats
194 creatures vanquished.

Notes
Turn   | Place    | Note
-------+----------+-------------------------------------------
     0 | D:1      | Lauz the Minotaur Fighter began the quest for the Orb.
     0 | D:1      | Reached XP level 1. HP: 19/19 MP: 0/0
   118 | D:1      | Reached XP level 2. HP: 25/27 MP: 1/1
   358 | D:1      | Reached skill level 3 in Axes
   718 | D:2      | Reached XP level 3. HP: 33/33 MP: 2/2
   753 | D:2      | Found a shadowy altar of Dithmenos.
   880 | D:2      | Found a blossoming altar of Fedhas.
   885 | D:2      | Found a stormy altar of Qazlal.
  1603 | D:3      | Reached XP level 4. HP: 33/41 MP: 3/3
  2014 | D:4      | Found a staircase to the Ecumenical Temple.
  2022 | D:4      | Noticed an ice beast
  2328 | D:4      | Noticed a slave
  2328 | D:4      | Noticed a slave
  2331 | D:4      | Reached skill level 4 in Axes
  2333 | D:4      | Noticed Pikel
  2346 | D:3      | Killed a slave
  2547 | D:4      | Noticed a slave
  2575 | D:3      | Killed Pikel
  2575 | D:3      | Reached skill level 5 in Fighting
  2575 | D:3      | Reached skill level 7 in Axes
  2575 | D:3      | Reached skill level 5 in Shields
  2575 | D:3      | Reached XP level 5. HP: 28/48 MP: 4/4
  2575 | D:3      | Reached XP level 6. HP: 33/56 MP: 5/5
  2575 | D:3      | Reached XP level 7. HP: 36/61 MP: 6/6
  2749 | Temple   | Entered the Ecumenical Temple
  2776 | Temple   | Became a worshipper of Warmaster Okawaru
  3195 | D:4      | Found a runed door.
  3199 | D:4      | Noticed Crazy Yiuf
  3202 | D:4      | Killed Crazy Yiuf
  3296 | D:5      | Entered Level 5 of the Dungeon
  3315 | D:5      | Reached skill level 8 in Axes
  3633 | D:5      | Reached * piety under Okawaru
  3823 | D:5      | Reached skill level 9 in Axes
  3823 | D:5      | Reached XP level 8. HP: 62/69 MP: 7/7
  3946 | D:5      | Noticed Dowan
  3952 | D:5      | Noticed Duvessa
  3961 | D:5      | Killed Duvessa
  3962 | D:5      | Killed Dowan
  4043 | D:5      | Found a sacrificial altar of Ru.
  4430 | D:6      | Reached skill level 10 in Axes
  5157 | D:6      | Found a hide-covered altar of Uskayaw.
  5160 | D:6      | Found an ornate altar of the Wu Jian Council.
  5678 | D:7      | Reached ** piety under Okawaru
  6290 | D:7      | Found a radiant altar of Vehumet.
  6290 | D:7      | Found a deep blue altar of Sif Muna.
  6318 | D:8      | Reached skill level 11 in Axes
  6324 | D:8      | Reached XP level 9. HP: 59/75 MP: 8/8
  6411 | D:8      | Found a staircase to the Lair.
  6579 | D:8      | Reached skill level 5 in Armour
  6686 | D:8      | Found an iron altar of Okawaru.
  7191 | D:8      | Reached *** piety under Okawaru
  7580 | D:9      | Noticed Prince Ribbit
  7594 | D:9      | Killed Prince Ribbit
  7594 | D:9      | Reached skill level 12 in Axes
  7677 | D:9      | Reached **** piety under Okawaru
  7678 | D:9      | Reached XP level 10. HP: 40/86 MP: 9/9
  8035 | D:9      | Noticed Erica
  8049 | D:9      | Killed Erica
  8299 | D:9      | Found a burning altar of Makhleb.
  8301 | D:9      | Noticed a cacodemon
  8315 | D:9      | Reached ***** piety under Okawaru
  8482 | D:9      | Paralysed by a hornet for 1 turns
  8484 | D:9      | Paralysed by a hornet for 2 turns
  8489 | D:9      | Received a gift from Okawaru
  8491 | D:9      | HP: 2/88 [hornet (12)]
  8493 | D:9      | Paralysed by a hornet for 1 turns
  8499 | D:9      | Got a pair of encrusted boots {god gift}
  8505 | D:9      | Identified the +0 pair of boots of a bailey {rC+} (Okawaru
                  | gifted it to you on level 9 of the Dungeon)
  8892 | D:9      | Reached skill level 13 in Axes
  9044 | D:9      | Noticed Grum
  9056 | D:9      | Killed Grum
  9199 | D:10     | Entered Level 10 of the Dungeon
  9203 | D:10     | Noticed a two-headed ogre
  9212 | D:10     | Killed a two-headed ogre
  9307 | D:10     | Noticed an orc knight
  9308 | D:10     | Killed an unseen horror
  9308 | D:10     | Reached skill level 10 in Armour
  9308 | D:10     | Reached XP level 11. HP: 78/95 MP: 10/10
  9339 | D:9      | Killed an orc knight
  9600 | D:10     | Noticed a two-headed ogre
  9632 | D:10     | Killed a two-headed ogre
  9637 | D:10     | HP: 1/95 [troll[an orc knight] (15)]
  9638 | D:10     | Slain by a troll

Skill      XL: |  1  2  3  4  5  6  7  8  9 10 |
---------------+-------------------------------+-----
Fighting       | 4 5 6 7 8 |  8.6
Axes           | 3 7 9 11 12 13 | 13.9
Shields        | 4 5 6 7 9 |  9.7
Dodging        | 2 3 |  3.0
Armour         | 4 8 10 | 10.4
Stealth        | |  0.5
Invocations    | |  0.4

Action                   |  1- 3 |  4- 6 |  7- 9 | 10-12 || total
-------------------------+-------+-------+-------+-------++-------
Melee: War axe           |   115 |    68 |   306 |   175 ||   664
       Headbutt          |    12 |     7 |    57 |    39 ||   115
Invok: Heroism           |       |       |       |     5 ||     5
  Use: Potion            |       |       |       |     6 ||     6
  Eat: Chunk             |     2 |     1 |    12 |     6 ||    21
       Ration            |       |     1 |     1 |       ||     2
Armor: Scale mail        |    61 |    27 |   107 |    75 ||   270
Dodge: Dodged            |    36 |    25 |    91 |    52 ||   204
Block: Shield            |    67 |    33 |   146 |    89 ||   335
